TOP OF THE 1ST |
Delaware 1787 BC batting - Pitching for Highwood Hawks : LHP Miguel López
|
Pitching: LHP Miguel López
|
|
Batting: RHB José López
|
0-0: Reached on error, E5 (Groundball, 56)
|
Batting: RHB Gianpaolo Monachino
|
0-0: Ball 1-0: Ball 2-0: Ball 3-0: Base on Balls
|
Batting: SHB Luchino Salimbeni
|
0-0: Ball 1-0: Ground out 4-3 (Groundball, 4M) José López to third Gianpaolo Monachino to second
|
Batting: RHB Nobuhiko Nakayama
|
0-0: Called Strike 0-1: Ball 1-1: Called Strike 1-2: Strikes out swinging
|
Batting: RHB Felipe Bruno
|
0-0: Foul Ball, location: 2F 0-1: Ball 1-1: Ball 2-1: Called Strike 2-2: 3-RUN HOME RUN (Line Drive, 7LD), Distance : 359 ft
|
Batting: RHB Julián García
|
0-0: Ball 1-0: Foul Ball, location: 2F 1-1: Foul Ball, location: 2F 1-2: Foul Ball, location: 2F 1-2: Strikes out looking
|
Top of the 1st over - 3 run(s), 1 hit(s), 1 error(s), 0 left on base; Delaware 3 - Highwood 0 |
BOTTOM OF THE 1ST |
Highwood Hawks batting - Pitching for Delaware 1787 BC : RHP António Rodríguez
|
Pitching: RHP António Rodríguez
|
|
Batting: LHB Kendrick Sullivan
|
0-0: Foul Ball, location: 2F 0-1: Foul Ball, location: 2F 0-2: Strikes out looking
|
Batting: RHB Júlio Becerra
|
0-0: Ball 1-0: Called Strike 1-1: Foul Ball, location: 2F 1-2: Ground out 1-3 (Groundball, 13S)
|
Batting: LHB Curt Wilson
|
0-0: Foul Ball, location: 2F 0-1: Fly out, F9 (Line Drive, 9M)
|
Bottom of the 1st over - 0 run(s), 0 hit(s), 0 error(s), 0 left on base; Delaware 3 - Highwood 0 |
TOP OF THE 2ND |
Delaware 1787 BC batting - Pitching for Highwood Hawks : LHP Miguel López
|
Batting: RHB Jorge Figueroa
|
0-0: Called Strike 0-1: Foul Ball, location: 2F 0-2: Ball 1-2: Strikes out swinging
|
Batting: LHB Ward Wilberfoss
|
0-0: Called Strike 0-1: Called Strike 0-2: Ball 1-2: Strikes out looking
|
Batting: RHB Thurman Blumer
|
0-0: Ball 1-0: Called Strike 1-1: Ball 2-1: Called Strike 2-2: Strikes out swinging
|
Top of the 2nd over - 0 run(s), 0 hit(s), 0 error(s), 0 left on base; Delaware 3 - Highwood 0 |
BOTTOM OF THE 2ND |
Highwood Hawks batting - Pitching for Delaware 1787 BC : RHP António Rodríguez
|
Batting: RHB António Acosta
|
0-0: Ball 1-0: Called Strike 1-1: Foul Ball, location: 2F 1-2: Strikes out swinging
|
Batting: LHB Scott Janousek
|
0-0: Called Strike 0-1: Ball 1-1: Called Strike 1-2: Ball 2-2: Ball 3-2: Foul Ball, location: 2F 3-2: Strikes out swinging
|
Batting: RHB James Hill
|
0-0: Called Strike 0-1: Ball 1-1: Ball 2-1: SINGLE (Popup, 34D)
|
Batting: SHB Gabriel Pittman
|
0-0: Ball 1-0: SINGLE (Groundball, 4M) (infield hit) James Hill to second
|
Batting: RHB Rojo Nasution
|
0-0: Called Strike 0-1: Ball 1-1: Foul Ball, location: 2F 1-2: Ball 2-2: Foul Ball, location: 2F 2-2: Strikes out swinging
|
Bottom of the 2nd over - 0 run(s), 2 hit(s), 0 error(s), 2 left on base; Delaware 3 - Highwood 0 |
TOP OF THE 3RD |
Delaware 1787 BC batting - Pitching for Highwood Hawks : LHP Miguel López
|
Batting: RHB José López
|
0-0: SINGLE (Groundball, 56D)
|
Batting: RHB Gianpaolo Monachino
|
0-0: Called Strike 0-1: Ball José López steals 2nd base 1-1: Swinging Strike 1-2: 2-RUN HOME RUN (Flyball, 89XD), Distance : 434 ft
|
Batting: SHB Luchino Salimbeni
|
0-0: Ball 1-0: SINGLE (Line Drive, 6MD)
|
Batting: RHB Nobuhiko Nakayama
|
0-0: SINGLE (Groundball, 6D) Luchino Salimbeni to second
|
Batting: RHB Felipe Bruno
|
0-0: Ball Luchino Salimbeni is caught stealing 3rd base Nobuhiko Nakayama to second 1-0: Called Strike 1-1: Ball 2-1: Ground out 4-3 (Groundball, 4S) Nobuhiko Nakayama to third
|
Batting: RHB Julián García
|
0-0: Swinging Strike 0-1: Foul Ball, location: 2F 0-2: Ball 1-2: Ball 2-2: Ball 3-2: Strikes out swinging
|
Top of the 3rd over - 2 run(s), 4 hit(s), 0 error(s), 1 left on base; Delaware 5 - Highwood 0 |
BOTTOM OF THE 3RD |
Highwood Hawks batting - Pitching for Delaware 1787 BC : RHP António Rodríguez
|
Batting: RHB Harry Freidricks
|
0-0: Called Strike 0-1: Ball 1-1: Swinging Strike 1-2: Foul Ball, location: 2F 1-2: Foul Ball, location: 2F 1-2: Ball 2-2: Ball 3-2: Base on Balls
|
Batting: LHB Kendrick Sullivan
|
0-0: Foul Ball, location: 2F 0-1: Ball 1-1: Fly out, F4 (Line Drive, 4M)
|
Batting: RHB Júlio Becerra
|
0-0: Called Strike Harry Freidricks is caught stealing 2nd base 0-1: Ball 1-1: Called Strike 1-2: Ball 2-2: Ball 3-2: Ground out 1-3 (Groundball, 25)
|
Bottom of the 3rd over - 0 run(s), 0 hit(s), 0 error(s), 0 left on base; Delaware 5 - Highwood 0 |
TOP OF THE 4TH |
Delaware 1787 BC batting - Pitching for Highwood Hawks : LHP Miguel López
|
Batting: RHB Jorge Figueroa
|
0-0: Ball 1-0: Ball 2-0: Called Strike 2-1: Foul Ball, location: 2F 2-2: Ball 3-2: Foul Ball, location: 2F 3-2: Base on Balls
|
Batting: LHB Ward Wilberfoss
|
0-0: Fielders Choice at 2nd, 4-6 (Groundball, 34)
|
Batting: RHB Thurman Blumer
|
0-0: Called Strike 0-1: Ball 1-1: Swinging Strike 1-2: Strikes out looking
|
Batting: RHB José López
|
0-0: Foul Ball, location: 2F 0-1: Fly out, F8 (Popup, 8LS)
|
Top of the 4th over - 0 run(s), 0 hit(s), 0 error(s), 1 left on base; Delaware 5 - Highwood 0 |
BOTTOM OF THE 4TH |
Highwood Hawks batting - Pitching for Delaware 1787 BC : RHP António Rodríguez
|
Batting: LHB Curt Wilson
|
0-0: Foul Ball, location: 2F 0-1: Ball 1-1: Called Strike 1-2: Strikes out swinging
|
Batting: RHB António Acosta
|
0-0: Called Strike 0-1: Called Strike 0-2: Ball 1-2: Foul Ball, location: 2F 1-2: Strikes out swinging
|
Batting: LHB Scott Janousek
|
0-0: Ball 1-0: Called Strike 1-1: Ball 2-1: Foul Ball, location: 2F 2-2: Ball 3-2: Foul Ball, location: 2F 3-2: Strikes out swinging
|
Bottom of the 4th over - 0 run(s), 0 hit(s), 0 error(s), 0 left on base; Delaware 5 - Highwood 0 |
TOP OF THE 5TH |
Delaware 1787 BC batting - Pitching for Highwood Hawks : LHP Miguel López
|
Batting: RHB Gianpaolo Monachino
|
0-0: Called Strike 0-1: Called Strike 0-2: SINGLE (Groundball, 34D)
|
Batting: SHB Luchino Salimbeni
|
0-0: Ball 1-0: Ball 2-0: Called Strike 2-1: Ball 3-1: Base on Balls Gianpaolo Monachino to second
|
Batting: RHB Nobuhiko Nakayama
|
0-0: Ball 1-0: SINGLE (Groundball, 15) (infield hit) Gianpaolo Monachino to third Luchino Salimbeni to second
|
Batting: RHB Felipe Bruno
|
0-0: Ball 1-0: Fly out, F8 (Flyball, 89XD) Runner from 3rd tags up, SCORES, no throw Luchino Salimbeni to third
|
Pitching: RHP Tom Bass
|
|
Batting: RHB Julián García
|
0-0: Called Strike 0-1: Called Strike 0-2: Ball 1-2: Fly out, F8 (Flyball, 8RM) Runner from 3rd tags up, SCORES, no throw
|
Batting: RHB Jorge Figueroa
|
0-0: 2-RUN HOME RUN (Line Drive, 7D), Distance : 391 ft
|
Batting: LHB Ward Wilberfoss
|
0-0: Foul Ball, location: 2F 0-1: Ball 1-1: Foul Ball, location: 2F 1-2: Foul Ball, location: 2F 1-2: Foul Ball, location: 2F 1-2: Ball 2-2: Fly out, F9 (Flyball, 89S)
|
Top of the 5th over - 4 run(s), 3 hit(s), 0 error(s), 0 left on base; Delaware 9 - Highwood 0 |
BOTTOM OF THE 5TH |
Highwood Hawks batting - Pitching for Delaware 1787 BC : RHP António Rodríguez
|
Batting: RHB James Hill
|
0-0: Called Strike 0-1: Fly out, F8 (Flyball, 8RXD)
|
Batting: SHB Gabriel Pittman
|
0-0: Called Strike 0-1: Called Strike 0-2: Foul Ball, location: 2F 0-2: Ball 1-2: Reached on error, E4 (Groundball, 4M)
|
Batting: RHB Rojo Nasution
|
0-0: Called Strike 0-1: Ground out 1-3 (Groundball, 15S)
|
Batting: RHB Harry Freidricks
|
0-0: Ball 1-0: Called Strike 1-1: Swinging Strike 1-2: Ball 2-2: 2-RUN HOME RUN (Flyball, 7D), Distance : 392 ft
|
Batting: LHB Kendrick Sullivan
|
0-0: Called Strike 0-1: Ball 1-1: Called Strike 1-2: Ball 2-2: Ball 3-2: Fly out, F2 (Popup, 2LF)
|
Bottom of the 5th over - 2 run(s), 1 hit(s), 1 error(s), 0 left on base; Delaware 9 - Highwood 2 |
TOP OF THE 6TH |
Delaware 1787 BC batting - Pitching for Highwood Hawks : RHP Tom Bass
|
Batting: RHB Thurman Blumer
|
0-0: Ball 1-0: Ball 2-0: Ball 3-0: Called Strike 3-1: Called Strike 3-2: Strikes out looking
|
Batting: RHB José López
|
0-0: Ground out 5-3 (Groundball, 5S)
|
Batting: RHB Gianpaolo Monachino
|
0-0: Ball 1-0: Called Strike 1-1: Ball 2-1: Foul Ball, location: 2F 2-2: Ball 3-2: Fly out, F7 (Flyball, 7M)
|
Top of the 6th over - 0 run(s), 0 hit(s), 0 error(s), 0 left on base; Delaware 9 - Highwood 2 |
BOTTOM OF THE 6TH |
Highwood Hawks batting - Pitching for Delaware 1787 BC : RHP António Rodríguez
|
Batting: RHB Júlio Becerra
|
0-0: Ball 1-0: Foul Ball, location: 2F 1-1: Foul Ball, location: 2F 1-2: Hit by Pitch
|
Pinch Runner at 1st José Vela:
|
|
Batting: LHB Curt Wilson
|
0-0: Swinging Strike 0-1: Ball 1-1: SINGLE (Line Drive, 4MD) José Vela to second
|
Batting: RHB António Acosta
|
0-0: Grounds into double play, 6-4-3 (Groundball, 6) José Vela to third
|
Batting: LHB Scott Janousek
|
0-0: Called Strike 0-1: Foul Ball, location: 2F 0-2: Ball 1-2: Fly out, F8 (Flyball, 8RM)
|
Bottom of the 6th over - 0 run(s), 1 hit(s), 0 error(s), 1 left on base; Delaware 9 - Highwood 2 |
TOP OF THE 7TH |
Delaware 1787 BC batting - Pitching for Highwood Hawks : RHP Tom Bass
|
Now at 1B: José Vela
|
|
Batting: SHB Luchino Salimbeni
|
0-0: Foul Ball, location: 2F 0-1: SINGLE (Line Drive, 4MD)
|
Batting: RHB Nobuhiko Nakayama
|
0-0: Ball 1-0: Grounds into double play, 1-6-3 (Groundball, 13)
|
Batting: RHB Felipe Bruno
|
0-0: Ball 1-0: Foul Ball, location: 2F 1-1: Swinging Strike 1-2: Strikes out swinging
|
Top of the 7th over - 0 run(s), 1 hit(s), 0 error(s), 0 left on base; Delaware 9 - Highwood 2 |
BOTTOM OF THE 7TH |
Highwood Hawks batting - Pitching for Delaware 1787 BC : RHP António Rodríguez
|
Batting: RHB James Hill
|
0-0: Ball 1-0: Ball 2-0: Ball 3-0: Called Strike 3-1: Fly out, F8 (Flyball, 8LM)
|
Batting: SHB Gabriel Pittman
|
0-0: Ball 1-0: Fly out, F8 (Line Drive, 8RM)
|
Batting: RHB Rojo Nasution
|
0-0: DOUBLE (Line Drive, 7LS)
|
Pitching: RHP Lance Cira
|
|
Batting: RHB Harry Freidricks
|
0-0: Called Strike 0-1: Foul Ball, location: 2F 0-2: Strikes out swinging
|
Bottom of the 7th over - 0 run(s), 1 hit(s), 0 error(s), 1 left on base; Delaware 9 - Highwood 2 |
TOP OF THE 8TH |
Delaware 1787 BC batting - Pitching for Highwood Hawks : RHP Tom Bass
|
Batting: RHB Julián García
|
0-0: Fly out, F3 (Line Drive, 34)
|
Batting: RHB Jorge Figueroa
|
0-0: Fly out, F7 (Flyball, 78S)
|
Batting: LHB Ward Wilberfoss
|
0-0: Ball 1-0: Ball 2-0: Foul Ball, location: 2F 2-1: Ground out 4-3 (Groundball, 4)
|
Top of the 8th over - 0 run(s), 0 hit(s), 0 error(s), 0 left on base; Delaware 9 - Highwood 2 |
BOTTOM OF THE 8TH |
Highwood Hawks batting - Pitching for Delaware 1787 BC : RHP Lance Cira
|
Now at 1B: Russ Hanneman
|
|
Batting: LHB Kendrick Sullivan
|
0-0: Ball 1-0: SINGLE (Groundball, 3D)
|
Batting: LHB José Vela
|
0-0: TRIPLE (Line Drive, 9LS) Kendrick Sullivan scores
|
Batting: LHB Curt Wilson
|
0-0: Ball 1-0: Ground out 3-1 (Groundball, 34) José Vela scores
|
Batting: RHB António Acosta
|
0-0: Called Strike 0-1: Ground out 6-3 (Groundball, 6)
|
Batting: LHB Scott Janousek
|
0-0: Ball 1-0: Called Strike 1-1: Ball 2-1: SINGLE (Flyball, 8LS)
|
Batting: RHB James Hill
|
0-0: Hit by Pitch Scott Janousek to second
|
Batting: SHB Gabriel Pittman
|
0-0: Called Strike 0-1: Ball 1-1: SINGLE (Line Drive, 8LS) Scott Janousek to third James Hill to second Runner from 3rd tries for Home, SAFE, no throw or cutoff
|
Pitching: RHP Jim Unknown
|
|
Batting: RHB Rojo Nasution
|
0-0: Called Strike 0-1: Called Strike 0-2: Ball 1-2: Ball 2-2: Ball 3-2: Ground out 5-3 (Groundball, 5)
|
Bottom of the 8th over - 3 run(s), 4 hit(s), 0 error(s), 2 left on base; Delaware 9 - Highwood 5 |
TOP OF THE 9TH |
Delaware 1787 BC batting - Pitching for Highwood Hawks : RHP Tom Bass
|
Batting: RHB Thurman Blumer
|
0-0: Foul Ball, location: 2F 0-1: Fly out, F2 (Popup, 2LF)
|
Batting: RHB José López
|
0-0: Called Strike 0-1: Ground out 6-3 (Groundball, 6M)
|
Batting: RHB Gianpaolo Monachino
|
0-0: Fly out, F9 (Flyball, 89M)
|
Top of the 9th over - 0 run(s), 0 hit(s), 0 error(s), 0 left on base; Delaware 9 - Highwood 5 |
BOTTOM OF THE 9TH |
Highwood Hawks batting - Pitching for Delaware 1787 BC : RHP Jim Unknown
|
Batting: RHB Harry Freidricks
|
0-0: Called Strike 0-1: Ball 1-1: Swinging Strike 1-2: Strikes out looking
|
Batting: LHB Kendrick Sullivan
|
0-0: Ball 1-0: Ball 2-0: Called Strike 2-1: Foul Ball, location: 2F 2-2: Ground out 4-3 (Groundball, 4M)
|
Batting: LHB José Vela
|
0-0: Ball 1-0: Ground out 4-3 (Groundball, 4)
|
Bottom of the 9th over - 0 run(s), 0 hit(s), 0 error(s), 0 left on base; Delaware 9 - Highwood 5 |
|